 Dungeon Crawl Stone Soup version 0.30-a0-381-g6ea064c7b4 (webtiles) character file.

Game seed: 2556739720588346306

126 lunkers the Slasher (level 5, -8/45 HPs)
             Began as a Meteoran Fighter on Dec 1, 2022.
             Killed by nerve-wracking pain
             ... invoked by a shadow imp
              (12 damage)
             ... on level 4 of the Dungeon.
             The game lasted 00:03:35 (1017 turns).

lunkers the Slasher (Meteoran Fighter)              Turns: 1017, Time: 00:03:35

Health: -8/45      AC:  8    Str: 19    XL:     5   Next: 59%
Magic:  6/6        EV:  9    Int: 10    God:
Gold:   98         SH:  5    Dex: 13    Spells: 4/4 levels left

rFire   . . .      SeeInvis .    a - +0 long sword
rCold   . . .      Faith    .    c - +0 buckler
rNeg    . . .      Spirit   .    b - +0 scale mail
rPois   .          Reflect  .    (no helmet)
rElec   .          Harm     .    g - +0 cloak
rCorr   .          Rampage  .    (no gloves)
Will    .....                    (no boots)
Stlth   ..........               (no amulet)
HPRegen 0.27/turn                (no ring)
MPRegen 0.10/turn                (no ring)

@: mighty, glowing
A: sense surroundings 1, otherworldly, glowing, explore regen
a: no special abilities


You were on level 4 of the Dungeon.
You visited 1 branch of the dungeon, and saw 4 of its levels.

You collected 98 gold pieces.

Inventory:

Hand Weapons
 a - a +0 long sword (weapon)
Armour
 b - a +0 scale mail (worn)
 c - a +0 buckler (worn)
 g - a +0 cloak (worn)
Scrolls
 f - a scroll of acquirement {unknown}
 h - a scroll of teleportation {unknown}
 j - a scroll of enchant weapon {unknown}
 k - a scroll of noise {unknown}
 l - a scroll of fear {unknown}
 m - a scroll of vulnerability {unknown}
 n - a scroll of enchant armour {unknown}
 o - a scroll of identify {unknown}
 p - a scroll of poison {unknown}
Potions
 d - a potion of might
 e - a potion of haste {unknown}
 i - 3 potions of curing {unknown}


   Skills:
 - Level 3.2 Fighting
 + Level 6.2 Long Blades
 - Level 3.6 Armour
 - Level 3.6 Shields


You had 4 spell levels left.
You didn't know any spells.
Your spell library was empty.

Dungeon Overview and Level Annotations

Branches:
Dungeon (4/15) Zot: 1353
 Temple: D:4-7

Altars:

Annotations:
D:4 Menkaure


Innate Abilities, Weirdness & Mutations

You passively map a small area around you.
You are easily found by Zot.
You glow in the dark.
You regain HP and MP as you explore.


Message History

The kobold throws a stone.
The stone hits you but does no damage.
Menkaure, Prince of Dust comes into view.
Found a stone staircase leading up.
The shadow imp laughs crazily.
The kobold throws a stone.
You block the stone.
Okay, then.
An iguana comes into view.
Found 6 poisoned darts.
The iguana hisses angrily.
Menkaure calls on the powers of darkness!
Your body is wracked with pain!
* * * LOW HITPOINT WARNING * * *
You feel very mighty all of a sudden.
The kobold throws a stone.
The stone hits you but does no damage. The gnoll hits you but does no damage.
The kobold closely misses you.
You slash the kobold!
You kill the kobold!
The shadow imp misses you.
The gnoll hits you from afar with a +0 spear.
* * * LOW HITPOINT WARNING * * *
The gnoll hits you from afar with a +0 spear.
* * * LOW HITPOINT WARNING * * *
The shadow imp closely misses you.
You barely miss the shadow imp.
The gnoll hits you from afar with a +0 spear.
* * * LOW HITPOINT WARNING * * *
The shadow imp hits you.
* * * LOW HITPOINT WARNING * * *
You slash the shadow imp!
The shadow imp is almost dead.
The gnoll hits you but does no damage.
The shadow imp hits you but does no damage.
You closely miss the shadow imp.
The shadow imp is almost dead.
The iguana barely misses you.
The gnoll hits you from afar with a +0 spear!
* * * LOW HITPOINT WARNING * * *
The shadow imp gestures at you. Pain shoots through your body!
You die...

.##.##...........†...... *
* ,................P♣...##
. .<...(.........♣♣♣♣...
... ,.............. ,....
.... #...........## ,.P...
* #..#.......M..., P.##. ,
#.....## ..... .....
**##......##...... .....
........l@#.......# #.....
.##..####)5........*#.....
...# #g.#.......###.....
,, #..#
##..###............. ...#
##..## #.........##..
...#.#...# ##......#.....
,
........####..#))..#.....
*
.........##...##.).##....
*
...###..................#


You could see an iguana, a gnoll and a shadow imp.

Vanquished Creatures
  A hound (D:4)
  3 gnolls (D:4)
  2 adders (D:2)
  2 worms
  An orc (D:3)
  6 ball pythons
  6 endoplasms
  3 giant cockroaches
  4 jackals (D:3)
  3 kobolds
  A quokka (D:4)
  3 bats
  2 frilled lizards
  4 goblins
  5 rats
46 creatures vanquished.

Vanquished Creatures (others)
  2 plants (D:4)
2 creatures vanquished.

Grand Total: 48 creatures vanquished

Notes
Turn   | Place    | Note
-------+----------+-------------------------------------------
     0 | D:1      | lunkers the Meteoran Fighter began the quest for the Orb.
     0 | D:1      | Reached XP level 1. HP: 19/19 MP: 2/2
   182 | D:1      | Reached skill level 3 in Long Blades
   182 | D:1      | Reached XP level 2. HP: 23/26 MP: 3/3
   320 | D:2      | Reached XP level 3. HP: 29/31 MP: 4/4
   392 | D:2      | Reached skill level 4 in Long Blades
   629 | D:3      | Reached XP level 4. HP: 38/38 MP: 5/5
   728 | D:3      | Reached skill level 5 in Long Blades
   968 | D:4      | Reached XP level 5. HP: 45/45 MP: 6/6
   986 | D:4      | Reached skill level 6 in Long Blades
  1006 | D:4      | Noticed Menkaure
  1017 | D:4      | Killed from afar by a shadow imp

Illustrated notes

Levels and vault maps discovered:
D:1:      minmay_arrival_plants_in_alcoves, layout_loops_ring,
          kennysheep_crisscross
D:2:      layout_loops_corners
D:3:      layout_basic
D:4:      layout_cave_pools, serial_forest, infiniplex_forest_lined_2,
          infiniplex_forest_end_3, infiniplex_forest_end_1,
          infiniplex_forest_lined_room_2, infiniplex_forest_clump_medium,
          infiniplex_forest_clump_small, serial_shops, shop, minmay_checkerbox,
          uniq_menkaure

Skill      XL: |  1  2  3  4  5 |
---------------+----------------+-----
Long Blades    | 3 4 5 6 |  6.2
Fighting       | |  3.2
Armour         | |  3.6
Shields        | |  3.6

Action                   |  1- 3 |  4- 6 || total
-------------------------+-------+-------++-------
Melee: Long sword        |    59 |    69 ||   128
  Use: Potion            |       |     1 ||     1
Armor: Scale mail        |    25 |    38 ||    63
Dodge: Dodged            |    14 |    28 ||    42
Block: Buckler           |    16 |    13 ||    29

Table legend: (Time is in decaauts)
 A = Elapsed time spent in this place.
 B = Non-inter-level travel time spent in this place.
 C = Inter-level travel time spent in this place.
 D = Time resting spent in this place.
 E = Time spent auto-exploring this place.
 F = Levels seen in this place.
 G = Mean time per level.
                   A        B        C        D        E       F      G
               +--------+--------+--------+--------+--------+-----+--------+
         Total |   1044 |    974 |     70 |      0 |    655 |   4 |  261.0 |
       Dungeon |   1044 |    974 |     70 |      0 |    655 |   4 |  261.0 |
               +--------+--------+--------+--------+--------+-----+--------+

Top non-repeatable levels by time:
     D:2: 398 daAuts
     D:3: 281 daAuts
     D:1: 235 daAuts
     D:4: 130 daAuts
